 Dungeon Crawl Stone Soup version 0.26.0-10-g1f06aea511 (webtiles) character file.

Game seed: 5912884281275507170

1155 Dirian the Slasher (level 8, -4/68 HPs)
             Began as a Minotaur Fighter on Jan 22, 2021.
             Slain by an orc warrior
             ... wielding a +0 short sword
              (6 damage)
             ... on level 6 of the Dungeon.
             The game lasted 00:08:55 (4902 turns).

Dirian the Slasher (Minotaur Fighter)               Turns: 4902, Time: 00:08:55

Health: -4/68      AC: 10    Str: 20    XL:     8   Next: 16%
Magic:  7/7        EV: 11    Int:  5    God:
Gold:   236        SH: 10    Dex: 13    Spells: 7/7 levels left

rFire    . . .     SeeInvis .   a - +0 long sword
rCold    . . .     Faith    .   c - +0 kite shield
rNeg     . . .     Spirit   .   u - +0 chain mail
rPois    .         Reflect  .   (helmet restricted)
rElec    .         Harm     .   (no cloak)
rCorr    .         Rampage  .   (no gloves)
Will     .....                  (no boots)
Stlth    ..........             e - amulet of regeneration
HPRegen  0.61/turn              j - +4 ring of evasion
MPRegen  0.10/turn              (no ring)

@: very slightly contaminated, invisible
A: retaliatory headbutt, horns 2
a: no special abilities


You were on level 6 of the Dungeon.
You visited 1 branch of the dungeon, and saw 6 of its levels.

You collected 236 gold pieces.

Inventory:

Hand Weapons
 a - a +0 long sword (weapon)
Armour
 c - a +0 kite shield (worn)
 u - a +0 chain mail (worn)
Jewellery
 e - an amulet of regeneration (around neck)
 i - an uncursed ring of fire
 j - a +4 ring of evasion (left hand)
Wands
 v - a wand of digging (2)
Scrolls
 b - a scroll of immolation
 g - 3 scrolls of magic mapping
 k - a scroll of blinking {unknown}
 o - a scroll of enchant weapon {unknown}
 p - 2 scrolls of fear
 t - 4 scrolls of teleportation
 x - 5 scrolls of remove curse
Potions
 f - 4 potions of flight
 h - 2 potions of haste
 l - a potion of attraction
 m - a potion of lignification {unknown}
 n - a potion of magic
 q - 3 potions of curing
 s - 3 potions of ambrosia


   Skills:
 + Level 5.3 Fighting
 + Level 7.1 Long Blades
 + Level 5.9 Armour
 * Level 3.2 Dodging
 - Level 5.0 Shields
 * Level 3.6 Evocations


You had 7 spell levels left.
You didn't know any spells.
Your spell library was empty.

Dungeon Overview and Level Annotations

Branches:
Dungeon (6/15)
 Temple: D:4-7

Altars:
Ru
Trog
Wu Jian

Shops:
D:5 *


Innate Abilities, Weirdness & Mutations

You reflexively headbutt those who attack you in melee.
You have a pair of horns on your head.


Message History

You block the orc warrior's attack.
You closely miss the orc warrior.
You headbutt the orc warrior, but do no damage.
The orc warrior is moderately wounded.
The orc warrior barely misses you.
You slash the orc warrior! Your headbutt misses the orc warrior.
The orc warrior is severely wounded.
You block the orc warrior's attack.
You barely miss the orc warrior.
The orc warrior is severely wounded.
You block the orc warrior's attack.
You slash the orc warrior!
The orc warrior is almost dead.
The orc warrior hits you with a +0 short sword!
* * * LOW HITPOINT WARNING * * *
The orc warrior barely misses you.
You closely miss the orc warrior. Your headbutt misses the orc warrior.
The orc warrior is almost dead.
The orc warrior hits you with a +0 short sword.
You die...

... ... .... #....
.....###############
##........<...o@...#
#.........########.#
.###.#<........ #
##########


You could see an orc warrior.

Vanquished Creatures
  Grinder (D:4)
  A phantom (D:3)
  An ogre (D:4)
  2 scorpions (D:5)
  A bullfrog zombie (D:5)
  5 orc priests
  2 hounds (D:4)
  A centaur skeleton (D:5)
  2 orc wizards
  5 worker ants
  2 hound skeletons
  Robin (D:4)
  5 adders
  A white imp (D:5)
  5 oozes (D:1)
  An adder skeleton (D:4)
  2 worms
  A dart slug (D:1)
  5 leopard geckos
  21 orcs
  3 ball pythons
  6 bats
  8 giant cockroaches
  15 goblins
  6 hobgoblins
  11 jackals
  2 quokkas
  2 frilled lizards
  4 kobolds
  A leopard gecko skeleton (D:4)
  6 rats
129 creatures vanquished.

Notes
Turn   | Place    | Note
-------+----------+-------------------------------------------
     0 | D:1      | Dirian the Minotaur Fighter began the quest for the Orb.
     0 | D:1      | Reached XP level 1. HP: 19/19 MP: 0/0
     4 | D:1      | Found a runed translucent door.
   241 | D:1      | Reached XP level 2. HP: 27/27 MP: 1/1
   815 | D:1      | Reached XP level 3. HP: 30/33 MP: 2/2
   836 | D:1      | Reached skill level 3 in Long Blades
   836 | D:1      | Reached skill level 1 in Evocations
   904 | D:2      | Reached XP level 4. HP: 33/40 MP: 3/3
  1756 | D:3      | Reached XP level 5. HP: 46/46 MP: 4/4
  1776 | D:3      | Reached skill level 4 in Long Blades
  2211 | D:3      | Reached skill level 1 in Dodging
  2211 | D:3      | Reached XP level 6. HP: 38/52 MP: 5/5
  2731 | D:4      | Noticed Robin
  2805 | D:4      | Noticed Grinder
  2833 | D:4      | Paralysed by Grinder for 4 turns
  2845 | D:3      | Reached skill level 5 in Long Blades
  2845 | D:3      | Reached skill level 5 in Shields
  2967 | D:4      | Reached skill level 5 in Armour
  3042 | D:4      | Reached XP level 7. HP: 39/60 MP: 6/6
  3510 | D:4      | Found an ornate altar of the Wu Jian Council.
  3510 | D:4      | Found a sacrificial altar of Ru.
  3558 | D:4      | Reached skill level 6 in Long Blades
  3622 | D:4      | Killed Grinder
  3748 | D:4      | Killed Robin
  3887 | D:4      | Reached skill level 5 in Fighting
  4205 | D:5      | Entered Level 5 of the Dungeon
  4225 | D:5      | Found Qyir's General Store.
  4295 | D:5      | Reached XP level 8. HP: 68/68 MP: 7/7
  4456 | D:5      | Found a bloodstained altar of Trog.
  4691 | D:5      | Reached skill level 7 in Long Blades
  4876 | D:5      | Noticed a rust devil
  4876 | D:5      | Noticed a rust devil
  4901 | D:6      | HP: 1/68 [orc warrior/+0 short sword (15)]
  4902 | D:6      | Slain by an orc warrior

Illustrated notes

Levels and vault maps discovered:
D:1:      dpeg_arrival_caged_fury, layout_loops_ring, serial_glass,
          glass_columns_a, glass_columns_a, item_on_display_a,
          due_unseen_surprise, minmay_strange_pillars
D:2:      layout_loops_cross, minmay_splitting_lines
D:3:      layout_loops_ring
D:4:      layout_cave_pools, gammafunk_temple_overflow_statue, uniq_grinder,
          uniq_robin
D:5:      cheibrodos_iron_armory, layout_loops_corners, serial_shops, shop,
          trog_three_pillars_becter
D:6:      layout_basic, ebering_ghost_sewer_d, yredelemnul_altar_generic,
          uniq_menkaure

Skill      XL: |  1  2  3  4  5  6  7  8 |
---------------+-------------------------+-----
Shields        | 4 5 |  5.0
Armour         | 4 5 |  5.9
Long Blades    | 3 4 5 6 7 |  7.1
Evocations     | 1 2 3 |  3.6
Fighting       | 4 5 |  5.3
Dodging        | 1 3 |  3.2

Action                   |  1- 3 |  4- 6 |  7- 9 || total
-------------------------+-------+-------+-------++-------
Melee: Long sword        |    73 |   141 |   141 ||   355
       Headbutt          |    11 |    28 |    41 ||    80
Evoke: Wand              |       |     2 |       ||     2
  Use: Potion            |       |     1 |     1 ||     2
       Scroll            |       |     8 |     4 ||    12
 Stab: Invisible         |       |       |     1 ||     1
Armor: Scale mail        |    29 |    48 |       ||    77
       Chain mail        |       |    26 |    45 ||    71
Dodge: Dodged            |    26 |    42 |    48 ||   116
Block: Kite shield       |    33 |    74 |    82 ||   189
       Rpst.: Long sword |     9 |    12 |     7 ||    28
